 Dungeon Crawl Stone Soup version 0.30-a0-918-g0ff054e9dc (webtiles) character file.

Game seed: 1618664196295338456

181 Pimp the Trooper (level 5, -1/42 HPs)
             Began as a Demonspawn Fighter on Mar 20, 2023.
             Slain by a water moccasin (8 damage)
             ... on level 3 of the Dungeon.
             The game lasted 00:04:36 (2132 turns).

Pimp the Trooper (Demonspawn Fighter)               Turns: 2132, Time: 00:04:37

Health: -1/42      AC:  9    Str: 16 (18) XL:     5   Next: 34%
Magic:  5/5        EV:  6    Int:  8 (9)  God:
Gold:   116        SH: 12    Dex: 11 (13) Spells: 4/4 levels left

rFire   . . .      SeeInvis .    a - +0 war axe
rCold   . . .      Faith    .    c - +2 buckler
rNeg    . . .      Spirit   .    m - +0 chain mail
rPois   .          Reflect  .    (no helmet)
rElec   .          Rampage  .    (no cloak)
rCorr   .                        (no gloves)
Will    .....                    (no boots) Stlth
                                 (no amulet)
HPRegen 0.27/turn                (no ring)
MPRegen 0.09/turn                (no ring)

@: lethally poisoned (-1 -> -10), attractive
A: large bone plates 2, powered by death 1, powered by pain 1
a: no special abilities


You were on level 3 of the Dungeon.
You visited 1 branch of the dungeon, and saw 3 of its levels.

You collected 116 gold pieces.

Inventory:

Hand Weapons
 a - a +0 war axe (weapon)
Armour
 b - a +0 scale mail
 c - a +2 buckler (worn)
 m - a +0 chain mail (worn)
Jewellery
 e - a +6 ring of intelligence
 i - a ring of poison resistance
Scrolls
 d - a scroll of silence {unknown}
 g - a scroll of acquirement {unknown}
 h - a scroll of poison {unknown}
 k - a scroll of magic mapping {unknown}
 l - a scroll of teleportation {unknown}
 n - a scroll of identify {unknown}
 p - a scroll of summoning {unknown}
Potions
 f - a potion of attraction


   Skills:
 + Level 3.7 Fighting
 + Level 2.7 Axes
 + Level 3.4 Armour
 + Level 1.7 Dodging
 * Level 3.5 Shields


You had 4 spell levels left.
You didn't know any spells.
Your spell library contained the following spells:

 Spells                   Type           Power      Damage    Failure   Level
 Summon Small Mammal      Summ           0%         N/A       100%        1
 Call Canine Familiar     Summ           0%         N/A       100%        3
 Dazzling Flash           Conj/Hex       0%         N/A       100%        3
 Summon Guardian Golem    Hex/Summ       0%         N/A       100%        3
 Agony                    Necr           0%         N/A       100%        5
 Silence                  Hex/Air        0%         N/A       100%        5


Dungeon Overview and Level Annotations

Branches:
Dungeon (3/15)

Altars:
Fedhas
Ru

Shops:
D:3 (


Innate Abilities, Weirdness & Mutations

You are mostly covered in large bone plates. (SH +6)
You regenerate a little health from kills.
You sometimes gain a little power by taking damage.


Message History

Your +1 buckler glows green for a moment.
The water moccasin bites you.
You barely miss the water moccasin.
The water moccasin bites you but does no damage.
You hit the water moccasin.
The water moccasin is lightly wounded.
The water moccasin bites you but does no damage.
The water moccasin bites you.
You closely miss the water moccasin.
The water moccasin is lightly wounded.
The water moccasin bites you.
You are poisoned.
The water moccasin poisons you! You block the water moccasin's attack.
You closely miss the water moccasin.
The water moccasin is lightly wounded.
You feel very sick. You block the water moccasin's attack.
The water moccasin bites you.
You hit the water moccasin.
The water moccasin is moderately wounded.
You feel very sick. You block the water moccasin's attack.
The water moccasin bites you!
You are lethally poisoned!
The water moccasin poisons you!
It was a potion of attraction.
You feel attractive to monsters.
You feel very sick. You block the water moccasin's attack.
The water moccasin barely misses you.
It was a potion of degeneration.
There was something very wrong with that liquid.
You feel weakened.
You feel dopey.
You feel clumsy.
* * * LOW HITPOINT WARNING * * *
You feel very sick. The water moccasin barely misses you.
Okay, then.
You barely miss the water moccasin.
The water moccasin is moderately wounded.
* * * LOW HITPOINT WARNING * * *
You feel very sick. The water moccasin bites you!
You die...

### ##.. ##... #....
###### ## #.... #....#
##.# ##.... #....###..#
##..... #....#....####
....... #.<..#.#@S...#
###..) ###..#.#.###:...
#.... #....#.#######
#....
##.............#####...†
#..##.###### #..........
#.###.##########........
#................####...
#####...)......### ##..
##........)# ##.


You could see a water moccasin.

Vanquished Creatures
  A black bear (D:2)
  4 adders
  A worm (D:2)
  2 dart slugs
  7 ball pythons
  6 endoplasms
  2 giant cockroaches (D:1)
  7 goblins
  4 hobgoblins
  3 quokkas (D:2)
  4 bats (D:1)
  A frilled lizard (D:1)
  A kobold (D:2)
  7 rats
50 creatures vanquished.

Notes
Turn   | Place    | Note
-------+----------+-------------------------------------------
     0 | D:1      | Pimp the Demonspawn Fighter began the quest for the Orb.
     0 | D:1      | Reached XP level 1. HP: 18/18 MP: 1/1
   155 | D:1      | Gained mutation: You are partially covered in large bone
                  | plates. (SH +4) [demonic ancestry]
   155 | D:1      | Reached XP level 2. HP: 19/24 MP: 2/2
   628 | D:1      | Found a sacrificial altar of Ru.
   734 | D:1      | Gained mutation: You regenerate a little health from kills.
                  | [demonic ancestry]
   734 | D:1      | Reached XP level 3. HP: 29/29 MP: 3/3
  1225 | D:2      | Noticed a black bear
  1230 | D:2      | Killed a black bear
  1231 | D:2      | Reached skill level 1 in Dodging
  1231 | D:2      | Gained mutation: You sometimes gain a little power by
                  | taking damage. [demonic ancestry]
  1231 | D:2      | Reached XP level 4. HP: 32/36 MP: 4/4
  1277 | D:2      | Found a blossoming altar of Fedhas.
  1562 | D:2      | Gained mutation: You are mostly covered in large bone
                  | plates. (SH +6) [demonic ancestry]
  1562 | D:2      | Reached XP level 5. HP: 39/42 MP: 5/5
  1969 | D:3      | Found Eheted Lixoa's Antique Weapon Emporium.
  2121 | D:3      | Noticed a water moccasin
  2132 | D:3      | Slain by a water moccasin

Illustrated notes

Levels and vault maps discovered:
D:1:      kennysheep_arrival_forest, layout_loops_corners, amethyst_killhole,
          grunt_decor_one_mirror, minmay_hexomino_r4
D:2:      layout_basic, basic_altar
D:3:      layout_rooms, serial_shops, nicolae_shop_hallway_plus,
          nicolae_shop_hallway_plus, shop

Skill      XL: |  1  2  3 |
---------------+----------+-----
Axes           | 2 |  2.7
Armour         | 3 |  3.4
Shields        | 3 |  3.5
Dodging        | 1 |  1.7
Fighting       | |  3.7

Action                     |  1- 3 |  4- 6 || total
---------------------------+-------+-------++-------
  Melee: War axe           |    95 |    73 ||   168
    Use: Potion            |     1 |     2 ||     3
         Scroll            |     1 |     1 ||     2
 Armour: Scale mail        |    47 |    18 ||    65
         Chain mail        |       |     7 ||     7
  Dodge: Dodged            |    45 |    24 ||    69
  Block: Buckler           |    50 |    29 ||    79

Table legend: (Time is in decaauts)
 A = Elapsed time spent in this place.
 B = Non-inter-level travel time spent in this place.
 C = Inter-level travel time spent in this place.
 D = Time resting spent in this place.
 E = Time spent auto-exploring this place.
 F = Levels seen in this place.
 G = Mean time per level.
                   A        B        C        D        E       F      G
               +--------+--------+--------+--------+--------+-----+--------+
         Total |   2202 |   2138 |     64 |     51 |   1595 |   3 |  734.0 |
       Dungeon |   2202 |   2138 |     64 |     51 |   1595 |   3 |  734.0 |
               +--------+--------+--------+--------+--------+-----+--------+

Top non-repeatable levels by time:
     D:1: 1069 daAuts
     D:2: 922 daAuts
     D:3: 210 daAuts
